 Dungeon Crawl Stone Soup version 0.25-a0-577-ga4619f409e (webtiles) character file.

Game seed: 7038446377203840645, levelgen mode: deterministic

7945 kae the Covert (level 11, -9/54 HPs)
             Began as a Vampire Enchanter on Mar 2, 2020.
             Was a Believer of Dithmenos.
             Killed from afar by an electric eel (10 damage)
             ... with a bolt of electricity
             ... on level 9 of the Dungeon.
             The game lasted 00:14:56 (9222 turns).

kae the Covert (Vampire Enchanter)                  Turns: 9222, Time: 00:14:57

Health: -9/54      AC:  3    Str: 10    XL:     11   Next: 3%
Magic:  30/30      EV: 13    Int: 18    God:    Dithmenos [**....]
Gold:   448        SH:  0    Dex: 15    Spells: 12/24 levels left

rFire    . . .     SeeInvis +   b - +2 dagger (venom)
rCold    + + .     Gourm    .   (no shield)
rNeg     + + +     Faith    .   e - +0 robe
rPois    ∞         Spirit   .   (no helmet)
rElec    .         Reflect  .   C - scarf {repulsion}
rCorr    .         Harm     .   p - +0 pair of gloves
MR       +....                  (no boots)
Stlth    +++++++++.             h - amulet of regeneration
HPRegen  0.00/turn              G - ring of magical power
MPRegen  0.22/turn              (no ring)

@: bloodless, wreathed by umbra, studying Armour, repel missiles
A: no food, fangs 3, see invisible, unbreathing
a: Bat Form, Revivify, Shadow Step, Renounce Religion


You were on level 9 of the Dungeon.
You worshipped Dithmenos.
Dithmenos was pleased with you.
You were bloodless.

You visited 2 branches of the dungeon, and saw 10 of its levels.

You collected 613 gold pieces.
You spent 165 gold pieces at shops.

Inventory:

Hand Weapons
 a - a +1 dagger of electrocution
 b - a +2 dagger of venom (weapon)
Armour
 c - a +1 cloak
 e - a +0 robe (worn)
 p - a +0 pair of gloves (worn)
 C - a scarf of repulsion (worn)
Jewellery
 f - an uncursed amulet of faith
 h - an amulet of regeneration (around neck)
 m - an uncursed ring of fire
 x - an uncursed ring of wizardry {unknown}
 B - an uncursed amulet of magic regeneration
 F - an uncursed ring of poison resistance {unknown}
 G - a ring of magical power (left hand)
 K - an uncursed ring of magical power
 L - an uncursed amulet of harm {unknown}
Wands
 d - a wand of acid (12)
 r - a wand of iceblast (10)
 w - a wand of flame (7)
 y - a wand of scattershot (2)
 E - a wand of polymorph (31)
 J - a wand of enslavement (6)
Scrolls
 j - 2 scrolls of teleportation
 k - 4 scrolls of remove curse
 l - 3 scrolls of enchant weapon
 u - 4 scrolls of amnesia
 z - a scroll of blinking
 H - a scroll of fear
 I - a scroll of identify
Potions
 g - 3 potions of curing
 i - a potion of heal wounds
 n - 2 potions of flight
 o - 2 potions of mutation
 q - a potion of lignification
 s - 3 potions of might
 t - a potion of stabbing
 v - 2 potions of haste
 A - a potion of cancellation {unknown}
Books
 D - a manual of Armour


   Skills:
 * Level 11.7 Short Blades
 - Level 2.1 Dodging
 + Level 12.4 Stealth
 + Level 7.2 Spellcasting
 + Level 11.5 Hexes


You had 12 spell levels left.
You knew the following spells:

 Your Spells              Type           Power        Failure   Level  Hunger
a - Corona                Hex            #####..      1%          1    N/A
b - Ensorcelled Hibernat  Hex/Ice        ####..       1%          2    N/A
c - Confusing Touch       Hex            #####...     1%          3    N/A
d - Tukima's Dance        Hex            #####...     1%          3    N/A
e - Dazzling Flash        Conj/Hex       ####..       3%          3    N/A

Your spell library contained the following spells:

 Spells                   Type           Power        Failure   Level  Hunger
 Inner Flame              Hex/Fire       ####....     3%          3    N/A
 Foxfire                  Conj/Fire      #...         11%         1    N/A
 Conjure Flame            Conj/Fire      #.......     32%         3    N/A
 Sticky Flame             Conj/Fire      #.......     71%         4    N/A
 Fireball                 Conj/Fire      #.........   96%         5    N/A

Dungeon Overview and Level Annotations

Branches:
Dungeon (9/15)             Temple (1/1) D:4
   Lair: D:8-11         Orc: D:9-12

Altars:
Ashenzari
Cheibriados
Dithmenos
Elyvilon
Fedhas
Gozag
Hepliaklqana
Kikubaaqudgha
Makhleb
Nemelex Xobeh
Okawaru
Qazlal
Ru
Sif Muna
Trog
Uskayaw
Vehumet
Wu Jian
Xom
Yredelemnul
Zin
The Shining One

Shops:
D:4 :!


Innate Abilities, Weirdness & Mutations

You do not eat.
You do not regenerate when monsters are visible.
You are frail without blood (-20% HP).
You can heal yourself when you bite living creatures.
You are immune to poison.
You have razor-sharp teeth.
You have supernaturally acute eyesight. (SInv)
You can survive without breathing.


Message History

The bolt of electricity hits you!
The electric eel shoots out a bolt of lightning at you!
The bolt of electricity hits the plant!
The bolt of electricity hits you!
The bolt of electricity hits the plant!
The electric eel shoots out a bolt of lightning at you!
The bolt of electricity hits you!
The electric eel shoots out a bolt of lightning at you!
The bolt of electricity hits you.
* * * LOW HITPOINT WARNING * * *
The electric eel shoots out a bolt of lightning at you!
The bolt of electricity hits the plant.
The bolt of electricity misses you.
The electric eel shoots out a bolt of lightning at you!
The bolt of electricity hits the plant.
The bolt of electricity is repelled.
The bolt of electricity hits the plant.
The electric eel shoots out a bolt of lightning at you!
The bolt of electricity hits you!
* * * LOW HITPOINT WARNING * * *
The electric eel shoots out a bolt of lightning at you!
The bolt of electricity hits the plant!
The bolt of electricity hits you!
You die...

..# ...# #♣♣♣♣♣♣♣♣...# #
♣≈P≈P♣≈≈≈≈..# ##
###♣♣P≈≈≈≈≈≈≈≈♣.. .##
#≈≈♣P≈≈≈P≈≈.≈≈... ..#
##♣≈P≈...≈........ ..#
##...%............. ..#
####.....@......;..≈≈♣
.#######.......♣.≈≈.≈♣P≈≈≈≈≈≈
.........######♣≈P≈P≈P;P≈≈≈≈≈
.######### #♣≈≈≈≈≈≈≈≈≈≈≈≈ ##
#♣≈≈≈≈≈≈≈≈≈≈≈ ≈≈≈P≈≈≈≈≈♣♣♣
#≈P≈≈≈≈P♣## #♣P♣♣♣≈# ## ##


You could see 2 electric eels.

Vanquished Creatures
  A two-headed ogre (D:8)
  Pikel (D:7)
  Psyche (D:8)
  Maggie (D:7)
  Prince Ribbit (D:8)
  4 hippogriffs
  Menkaure (D:7)
  3 sky beasts
  4 orc warriors
  4 slaves (D:7)
  3 black bears
  An ice beast (D:8)
  3 phantoms
  6 centaurs
  6 ogres
  A crocodile (D:7)
  7 bullfrogs
  A wyvern zombie (D:6)
  4 scorpions
  9 killer bees
  3 howler monkeys
  5 electric eels
  3 crimson imps
  2 bullfrog zombies
  2 centaur zombies (D:6)
  6 hounds
  2 jellies
  7 orc priests
  9 orc wizards
  5 iguanas
  2 bullfrog skeletons
  4 worker ants
  A hound skeleton (D:5)
  2 worker ant zombies (D:5)
  4 gnolls
  10 adders
  4 shadow imps
  An ooze (D:2)
  An adder skeleton (D:6)
  4 worms
  11 dart slugs
  5 leopard geckos
  32 orcs
  9 bats
  2 giant cockroaches
  9 goblins
  5 hobgoblins
  10 jackals
  10 quokkas
  2 ball pythons (D:3)
  7 frilled lizards
  A jackal skeleton (D:5)
  8 kobolds
  A leopard gecko skeleton (D:4)
  11 rats
262 creatures vanquished.

Vanquished Creatures (others)
  A jelly (D:9)
  An orc wizard (D:6)
  A shadow imp (D:5)
  A plant (D:6)
4 creatures vanquished.

Grand Total: 266 creatures vanquished

Notes
Turn   | Place    | Note
-------+----------+-------------------------------------------
     0 | D:1      | kae the Vampire Enchanter began the quest for the Orb.
     0 | D:1      | Reached XP level 1. HP: 13/13 MP: 3/3
   189 | D:1      | Reached XP level 2. HP: 19/19 MP: 3/5
   878 | D:2      | Reached XP level 3. HP: 22/24 MP: 6/6
   927 | D:2      | Reached skill level 5 in Stealth
   938 | D:2      | Found a faded altar of an unknown god.
   977 | D:2      | Learned a level 2 spell: Ensorcelled Hibernation
   981 | D:2      | Learned a level 3 spell: Confusing Touch
  1092 | D:2      | Noticed a -2 hand axe
  1092 | D:2      | Noticed a +0 hand axe
  1093 | D:2      | Found a hide-covered altar of Uskayaw.
  1144 | D:2      | Reached skill level 5 in Hexes
  1580 | D:2      | Reached XP level 4. HP: 30/30 MP: 4/7
  1815 | D:2      | Found a snail-covered altar of Cheibriados.
  2077 | D:2      | Reached XP level 5. HP: 31/35 MP: 7/9
  2406 | D:3      | Reached skill level 6 in Stealth
  2763 | D:4      | Reached XP level 6. HP: 41/41 MP: 3/10
  2988 | D:4      | Found a staircase to the Ecumenical Temple.
  2996 | Temple   | Entered the Ecumenical Temple
  3116 | D:4      | Found Putro Usou's Distillery.
  3160 | D:4      | Bought a potion of curing for 33 gold pieces
  3160 | D:4      | Bought a potion of lignification for 33 gold pieces
  3160 | D:4      | Bought a potion of degeneration for 11 gold pieces
  3160 | D:4      | Bought a potion of might for 44 gold pieces
  3160 | D:4      | Bought a potion of stabbing for 44 gold pieces
  3200 | D:4      | Reached skill level 5 in Short Blades
  3392 | D:4      | Reached XP level 7. HP: 19/46 MP: 12/12
  3433 | D:4      | Reached skill level 7 in Stealth
  3633 | D:4      | Found Kanneaxt's Book Shoppe.
  3854 | D:5      | Entered Level 5 of the Dungeon
  3975 | D:5      | Found an ancient bone altar of Kikubaaqudgha.
  4262 | D:5      | Learned a level 3 spell: Tukima's Dance
  4266 | D:5      | Learned a level 3 spell: Dazzling Flash
  4283 | D:5      | Reached XP level 8. HP: 52/52 MP: 14/14
  4507 | D:5      | Found a radiant altar of Vehumet.
  4872 | D:6      | Reached skill level 8 in Stealth
  4907 | D:6      | Found a sacrificial altar of Ru.
  5097 | D:6      | Found a shimmering altar of Xom.
  5097 | D:6      | Found a stormy altar of Qazlal.
  5102 | D:6      | Found a hazy altar of Hepliaklqana.
  5104 | D:6      | Found a shimmering blue altar of Sif Muna.
  5105 | D:6      | Found a faded altar of an unknown god.
  5142 | D:6      | Found a basalt altar of Yredelemnul.
  5645 | D:6      | Reached skill level 9 in Stealth
  5762 | D:6      | Reached skill level 5 in Spellcasting
  5774 | D:6      | Found a shadowy altar of Dithmenos.
  5780 | D:6      | Became a worshipper of Dithmenos the Shadowed
  5907 | D:6      | Reached XP level 9. HP: 47/57 MP: 16/16
  6479 | D:7      | Noticed Menkaure
  6502 | D:7      | Killed Menkaure
  6661 | D:7      | Noticed an Executioner
  6662 | D:7      | Found a burning altar of Makhleb.
  6665 | D:7      | Found a glowing silver altar of Zin.
  6665 | D:7      | Noticed an angel
  6797 | D:7      | Noticed Pikel
  6811 | D:7      | Reached skill level 10 in Stealth
  6819 | D:7      | Killed Pikel
  7032 | D:7      | Noticed Maggie
  7034 | D:7      | Killed Maggie
  7034 | D:7      | Reached skill level 10 in Hexes
  7043 | D:7      | Reached skill level 10 in Short Blades
  7086 | D:7      | Reached XP level 10. HP: 63/63 MP: 19/19
  7233 | D:7      | Reached skill level 11 in Stealth
  7290 | D:7      | Reached * piety under Dithmenos
  7883 | D:8      | Noticed a two-headed ogre
  7886 | D:8      | Killed a two-headed ogre
  7973 | D:8      | Noticed Prince Ribbit
  7977 | D:8      | HP: 1/50 [killer bee (7)]
  8152 | D:8      | Killed Prince Ribbit
  8230 | D:8      | Found a hide-covered altar of Uskayaw.
  8337 | D:8      | Noticed Psyche
  8355 | D:8      | Killed Psyche
  8456 | D:8      | Reached skill level 12 in Stealth
  8696 | D:9      | Reached ** piety under Dithmenos
  8997 | D:9      | Reached XP level 11. HP: 45/54 MP: 21/21
  9222 | D:9      | HP: 1/54 [electric eel/bolt of electricity (11)]
  9222 | D:9      | Killed from afar by an electric eel

Levels and vault maps discovered:
D:1:      dpeg_arrival_renting, layout_basic
D:2:      layout_basic, marbit_many_paths, dancing_weapons_uskayaw,
          chequers_ecumenical_altar_simple
D:3:      kennysheep_slugbush, layout_rooms
D:4:      minmay_general_purpose_star, layout_loops_corners,
          minmay_temple_entry_trees, serial_shops, shop, shop, enter_ossuary_1,
          cheibrodos_gnoll_hut
D:5:      layout_layer_cave, fiery_altar_vehumet,
          nicolae_overflow_crystal_walls, first_ration
D:6:      layout_loops_corners, grunt_dithmenos_shadows, lemuel_doored_altar,
          kennysheep_little_box, chequers_temple_overflow_minitemple,
          chequers_serial_rivers_large_a, fountainhead, serial_bayou_lagoon_a,
          minmay_manual_monstrance
D:7:      layout_basic, grunt_temple_overflow_order_and_chaos_2, uniq_pikel,
          uniq_menkaure, uniq_maggie
D:8:      layout_gridville, basic_altar, uniq_prince_ribbit1, uniq_psyche
D:9:      minmay_goldmine, layout_rooms, serial_bayou, serial_bayou_ford_a,
          serial_bayou_shore_a, serial_bayou_pond_b, serial_bayou_shore_b,
          serial_bayou_shore_b, grunt_livestock, serial_park_tiny_1, uniq_erica
Temple:   nicolae_temple_figure_zero

Skill      XL: |  1  2  3  4  5  6  7  8  9 10 |
---------------+-------------------------------+-----
Short Blades   | 2 3 4 5 6 8 10 11 | 11.7
Stealth        | 5 6 7 9 10 12 | 12.4
Hexes          | 5 6 7 8 10 11 | 11.5
Spellcasting   | 3 4 5 6 7 |  7.2
Dodging        | |  2.1

Action                   |  1- 3 |  4- 6 |  7- 9 | 10-12 || total
-------------------------+-------+-------+-------+-------++-------
Melee: Dagger            |   172 |   214 |   301 |   146 ||   833
       Bite              |     7 |    18 |    31 |    12 ||    68
 Cast: Corona            |     8 |     3 |     9 |     1 ||    21
       Ensorcelled Hiber |     8 |     9 |    50 |    58 ||   125
       Confusing Touch   |       |       |     9 |     1 ||    10
 Abil: Exsanguinate      |       |       |       |     1 ||     1
Evoke: Wand              |       |       |       |     1 ||     1
  Use: Scroll            |     3 |     7 |     6 |     7 ||    23
       Potion            |       |     1 |       |     1 ||     2
 Stab: Sleeping          |    12 |    11 |    47 |    52 ||   122
       Distracted        |     1 |       |       |     1 ||     2
       Confused          |       |       |     8 |     1 ||     9
Armor: Robe              |    57 |    36 |    40 |    14 ||   147
Dodge: Dodged            |   132 |   125 |   130 |    89 ||   476
       Deflected         |       |       |     1 |     8 ||     9

Table legend:
 A = Non-vault XP
 B = Vault XP
 C = Vault XP percentage of total XP
 D = Non-vault monster count
 E = Vault monster count
 F = Vault count percentage of total count
                 A         B        C        D         E       F
            +---------+---------+-------+---------+---------+-------
      Total |    8183 |    3167 |  27.9 |     226 |      33 |  12.7
            +---------+---------+-------+---------+---------+-------
        D:1 |      37 |       0 |   0.0 |      24 |       0 |   0.0
        D:2 |     149 |       5 |   3.2 |      33 |       1 |   2.9
        D:3 |      89 |      36 |  28.8 |      19 |       9 |  32.1
        D:4 |     523 |     243 |  31.7 |      34 |       6 |  15.0
        D:5 |     420 |       4 |   0.9 |      15 |       1 |   6.2
        D:6 |    1172 |     361 |  23.5 |      23 |       4 |  14.8
        D:7 |    2448 |    1168 |  32.3 |      35 |       3 |   7.9
        D:8 |    2505 |     702 |  21.9 |      23 |       2 |   8.0
        D:9 |     840 |     648 |  43.5 |      20 |       7 |  25.9
            +---------+---------+-------+---------+---------+-------
